 Dungeon Crawl Stone Soup version 0.21.1-1-g345015f (webtiles) character file.

137 Fang the Chopper (level 5, 0/33 HPs)
             Began as a Gargoyle Berserker on Apr 24, 2018.
             Was a Believer of Trog.
             Slain by Thresh's ghost (1 damage)
             ... on level 3 of the Dungeon.
             The game lasted 00:02:33 (1981 turns).

Fang the Chopper (Gargoyle Berserker)               Turns: 1981, Time: 00:02:33

Health: 0/33       AC:  9    Str: 21    XL:     5   Next: 20%
Magic:  5/5        EV: 12    Int:  8    God:    Trog [**....]
Gold:   144        SH:  0    Dex:  9    Spells: 4/4 levels left

rFire    . . .     SeeInvis .   a - +0 hand axe
rCold    . . .     Gourm    .   (no shield)
rNeg     + . .     Faith    .   b - +0 animal skin
rPois    ∞         Spirit   .   (no helmet)
rElec    +         Reflect  .   (no cloak)
rCorr    .         Harm     .   (no gloves)
MR       +....                  d - +2 pair of boots
Stlth    +.........             (no amulet)
HPRegen  0.11/turn              j - ring of protection from magic
MPRegen  0.09/turn              (no ring)

@: berserk cooldown, slowed, very slow
A: negative energy resistance 1, electricity resistance, unbreathing,
petrification resistance, rot immunity, AC +4
a: Berserk, Trog's Hand, Burn Spellbooks, Renounce Religion


You were on level 3 of the Dungeon.
You worshipped Trog.
Trog was pleased with you.
You were not hungry.

You visited 1 branch of the dungeon, and saw 3 of its levels.

You collected 144 gold pieces.

Inventory:

Hand Weapons
 a - a +0 hand axe (weapon)
Armour
 b - a +0 animal skin (worn)
 d - a +2 pair of boots (worn)
Jewellery
 j - a ring of protection from magic (left hand)
Scrolls
 e - 2 scrolls of remove curse {unknown}
 f - a scroll of enchant weapon {unknown}
 g - a scroll of magic mapping {unknown}
 i - a scroll of noise {unknown}
 k - a scroll of identify {unknown}
Potions
 h - a potion of cancellation {unknown}
 l - a potion of degeneration {unknown}
Comestibles
 c - a ration


   Skills:
 + Level 4.2 Fighting
 + Level 4.3 Axes
 + Level 2.2 Armour
 + Level 2.2 Dodging
 + Level 0.4 Stealth


You had 4 spell levels left.
You didn't know any spells.

Dungeon Overview and Level Annotations

Branches:
Dungeon (3/15)

Altars:
Trog

Annotations:
D:3 Purgy; Thresh's ghost, amateur NaBe


Innate Abilities, Weirdness & Mutations

You are resistant to torment.
Your stone body is resilient. (AC +4)
You are immune to poison.
You resist negative energy. (rN+)
You are resistant to electric shocks. (rElec)
You can survive without breathing.
You are immune to petrification.
You are immune to rotting.


Message History

You are no longer berserk.
You are exhausted.
You feel yourself slow down. Purgy misses you.
Purgy claws you but does no damage. x2
Thresh's ghost hits you but does no damage.
You barely miss Thresh's ghost.
Thresh's ghost is almost destroyed.
You closely miss Purgy. Purgy bites you.
* * * LOW HITPOINT WARNING * * *
Purgy claws you but does no damage. x2; Thresh's ghost barely misses you.
Purgy pleads, "Don't hit me!"
Purgy misses you. Purgy claws you but does no damage. x2
You hit Thresh's ghost but do no damage.
Thresh's ghost is almost destroyed.
You hit Purgy.
Thresh's ghost hits you but does no damage.
Purgy bites you.
* * * LOW HITPOINT WARNING * * *
Purgy claws you but does no damage. Purgy misses you. Thresh's ghost hits you.
You die...

### ..# #.# #.# #.# #.#
## #.# ..
########.####.###..
###..........@T......
####............W†.#....
.....#.######...##......
.<......# #.....###....
.<.)....# #....... ...
##......# #.....### ..
......#.# ##...## .
##....#.# ##.##
#.....#.#


You could see Purgy and Thresh's ghost.

Vanquished Creatures
  A worker ant (D:2)
  5 adders
  An ooze (D:1)
  2 dart slugs
  2 leopard geckos
  A ball python (D:2)
  3 giant cockroaches
  6 goblins
  4 hobgoblins
  8 jackals (D:2)
  6 bats
  6 frilled lizards (D:2)
  6 kobolds
  8 rats
59 creatures vanquished.

Notes
Turn   | Place    | Note
-------+----------+-------------------------------------------
     0 | D:1      | Fang the Gargoyle Berserker began the quest for the Orb.
     0 | D:1      | Reached XP level 1. HP: 14/14 MP: 1/1
   235 | D:1      | Reached XP level 2. HP: 19/19 MP: 2/2
   557 | D:1      | Reached XP level 3. HP: 24/24 MP: 3/3
   780 | D:2      | Reached ** piety under Trog
   857 | D:2      | Reached XP level 4. HP: 29/29 MP: 4/4
  1134 | D:2      | Found a bloodstained altar of Trog.
  1660 | D:2      | Reached XP level 5. HP: 28/33 MP: 5/5
  1947 | D:3      | Noticed Thresh's ghost (amateur NaBe)
  1949 | D:3      | Noticed Purgy
  1981 | D:3      | HP: 1/33 [Purgy (5)]
  1981 | D:3      | Slain by Thresh's ghost

Skill      XL: |  1  2  3  4 |
---------------+-------------+-----
Axes           | 3 4 |  4.3
Fighting       | 4 |  4.2
Dodging        | 2 |  2.2
Armour         | |  2.2
Stealth        | |  0.4

Action                   |  1- 3 |  4- 6 || total
-------------------------+-------+-------++-------
Melee: Hand axe          |   110 |   117 ||   227
Invok: Berserk           |       |     1 ||     1
  Eat: Chunk             |       |     2 ||     2
       Ration            |       |     1 ||     1
Armor: Animal skin       |    51 |    79 ||   130
Dodge: Dodged            |    77 |   101 ||   178
